 Dungeon Crawl Stone Soup version 0.28-a0-1555-g9ae15a6949 (webtiles) character file.

Game seed: 17810427818692627592

161 sbbq2022 the Poker (level 5, 0/22 (25) HPs)
             Began as a Vine Stalker Wanderer on Jan 19, 2022.
             Succumbed to a water moccasin's poison
             ... on level 5 of the Dungeon.
             The game lasted 00:03:09 (2563 turns).

sbbq2022 the Poker (Vine Stalker Wanderer)          Turns: 2563, Time: 00:03:10

HP:   0/22 (25)     AC:  7    Str: 22    XL:     5   Next: 42%
MP:   3/8           EV: 11    Int: 17    God:
Gold: 140           SH:  4    Dex: 13    Spells: 3/7 levels left

rFire   . . .      SeeInvis .   a - +2 short sword (drain)
rCold   . . .      Faith    .   b - +0 buckler
rNeg    . . .      Spirit   +   h - +3 robe of Parlour Games {Int+4}
rPois   .          Reflect  .   g - +2 hat
rElec   .          Harm     .   m - scarf {+Inv}
rCorr   .          Rampage  .   (no gloves)
Will    .....                   (no boots)
Stlth   ++........              (no amulet)
HPRegen 0.87/turn               e - +6 ring of strength
MPRegen 0.11/turn               (no ring)

@: mighty, brilliant, lethally poisoned (0 -> -5), heavily drained
A: fangs 2, regeneration 1, magic shield, antimagic bite, no potion heal 2
a: Evoke Invisibility


You were on level 5 of the Dungeon.
You visited 1 branch of the dungeon, and saw 5 of its levels.

You collected 140 gold pieces.

Inventory:

Hand Weapons
 a - a +2 short sword of draining (weapon)
Armour
 b - a +0 buckler (worn)
 g - a +2 hat (worn)
 h - the +3 robe of Parlour Games (worn) {Int+4}
   (You found it on level 2 of the Dungeon)

   Int:       It affects your intelligence (+4).
 m - a scarf of invisibility (worn)
Jewellery
 e - a +6 ring of strength (left hand)
Scrolls
 d - a scroll of fear {unknown}
 i - a scroll of vulnerability {unknown}
 l - a scroll of teleportation {unknown}
 n - a scroll of identify {unknown}
 o - a scroll of magic mapping {unknown}
 p - a scroll of enchant armour {unknown}
Potions
 f - a potion of brilliance
 k - 2 potions of lignification {unknown}


   Skills:
 + Level 1.3 Fighting
 * Level 2.0 Short Blades
 - Level 3.6 Polearms
 + Level 1.0 Armour
 + Level 1.1 Dodging
 + Level 1.0 Stealth
 + Level 2.2 Shields
 + Level 1.8 Spellcasting
 + Level 2.1 Conjurations
 + Level 1.0 Air Magic
 + Level 0.6 Poison Magic
 - Level 1.0 Evocations


You had 3 spell levels left.
You knew the following spells:

 Your Spells              Type           Power      Damage    Failure   Level
a - Shock                 Conj/Air       40%        1d5       14%         1
b - Mephitic Cloud        Conj/Pois/Air  8%         N/A       43%         3

Your spell library contained the following spells:

 Spells                   Type           Power      Damage    Failure   Level


Dungeon Overview and Level Annotations

Branches:
Dungeon (5/15)
 Temple: D:4-7

Altars:

Shops:
D:1 *

Annotations:
D:4 Grinder


Innate Abilities, Weirdness & Mutations

You have extremely sharp teeth.
Your natural rate of healing is unusually fast.
When hurt, damage is shared between your health and your magic reserves.
Your bite disrupts and absorbs the magic of your enemies.
Potions cannot restore your health.


Message History

It was a potion of brilliance.
You feel clever all of a sudden. The water moccasin bites you.
The jackal misses you. You block the water moccasin's attack.
Unknown command.
Okay, then.
It was a potion of might.
You feel very mighty all of a sudden.
The jackal bites you but does no damage.
The water moccasin bites you!
* * * LOW HITPOINT WARNING * * *
The jackal completely misses you.
Unknown command.
You puncture the water moccasin!
The water moccasin is moderately wounded.
The water moccasin bites you but does no damage.
The jackal closely misses you. The water moccasin bites you.
* * * LOW HITPOINT WARNING * * *
Unknown command.
The jackal bites you but does no damage.
The jackal bites you but does no damage.
The water moccasin bites you. The jackal barely misses you.
You block the jackal's attack. The water moccasin barely misses you.
An orc comes into view. It is wielding a +0 club.
You block the jackal's attack.
An orc wizard and an orc come into view.
The orc shouts! x2
The water moccasin bites you.
You are lethally poisoned!
The water moccasin poisons you!
The orc wizard shouts!
An orc priest comes into view. It is wielding a +0 flail.
* * * LOW HITPOINT WARNING * * *
You feel very sick.
The orc priest shouts!
* * * LOW HITPOINT WARNING * * *
You feel very sick.
You die...

#..............<
#.............. ...
#............. .....
#...........# #....
##......?..# ...#.##
##...†..<...# #......
#.....#.....#
.......###..#..#....##
........@...##>..#...##
...o.o..#...#.........#
.o.....S###...........#
..o.....h#.............#
.......#....##.....#....
###..####...####...###.#
#... ##### ##### . #..
#..


You could see a water moccasin, an orc priest, an orc wizard and 2 orcs.

Vanquished Creatures
  A hound (D:3)
  6 adders
  3 dart slugs
  3 orcs (D:3)
  7 endoplasms
  3 giant cockroaches
  6 goblins
  6 hobgoblins
  7 kobolds
  7 quokkas
  4 ball pythons
  3 bats
  5 frilled lizards
  3 rats
64 creatures vanquished.

Notes
Turn   | Place    | Note
-------+----------+-------------------------------------------
     0 | D:1      | sbbq2022 the Vine Stalker Wanderer began the quest for the
                  | Orb.
     0 | D:1      | sbbq2022 set off with the following items: a +2 spear, a +0
                  | buckler, a +0 leather armour; and the following spell
                  | memorised: Shock; and the following spells available to
                  | memorise: Mephitic Cloud
     0 | D:1      | Reached XP level 1. HP: 9/9 MP: 3/3
    72 | D:1      | Reached XP level 2. HP: 11/13 MP: 1/4
   148 | D:1      | Found Orytz's Assorted Antiques.
   251 | D:1      | Reached skill level 1 in Short Blades
   349 | D:1      | Reached XP level 3. HP: 16/17 MP: 3/5
   625 | D:1      | Found a faded altar of an unknown god.
   822 | D:1      | Reached skill level 1 in Fighting
   913 | D:2      | Identified the +3 robe of Parlour Games {Int+4}
  1018 | D:2      | Learned a level 3 spell: Mephitic Cloud
  1297 | D:2      | Gained mutation: Your natural rate of healing is unusually
                  | fast. [Vine Stalker growth]
  1297 | D:2      | Reached XP level 4. HP: 22/22 MP: 6/6
  1778 | D:2      | Reached skill level 1 in Armour
  1982 | D:3      | Reached skill level 1 in Dodging
  2065 | D:3      | Reached XP level 5. HP: 23/25 MP: 6/8
  2129 | D:3      | Reached skill level 1 in Stealth
  2300 | D:3      | Reached skill level 1 in Air Magic
  2526 | D:3      | You fall into a shaft and drop 1 floor!
  2526 | D:4      | Noticed Grinder
  2539 | D:5      | Entered Level 5 of the Dungeon
  2539 | D:5      | Noticed a water moccasin
  2563 | D:5      | Succumbed to a water moccasin's poison

Illustrated notes

Levels and vault maps discovered:
D:1:      minmay_arrival_four_loops, layout_basic,
          shapermc_ecumenical_altar_acropolis, serial_shops,
          nicolae_diamond_shop
D:2:      layout_basic
D:3:      layout_basic
D:4:      cheibrodos_greedy_goblins, layout_cave_pools, serial_shops, shop,
          gammafunk_ghost_gnarly_gnolls, uniq_grinder, uniq_menkaure
D:5:      layout_cave_pools, minmay_temple_entry_sparse_star

Skill      XL: |  1  2  3  4  5 |
---------------+----------------+-----
Shields        | 2 |  2.2
Short Blades   | 1 2 |  2.0
Fighting       | 1 |  1.3
Armour         | 1 |  1.0
Dodging        | 1 |  1.1
Stealth        | 1 |  1.0
Air Magic      | 1 |  1.0
Polearms       | |  3.6
Spellcasting   | |  1.8
Conjurations   | |  2.1
Poison Magic   | |  0.6
Evocations     | |  1.0

Action                   |  1- 3 |  4- 6 || total
-------------------------+-------+-------++-------
Melee: Spear             |    90 |    67 ||   157
       Bite              |    13 |     9 ||    22
       Short sword       |       |    20 ||    20
  Use: Potion            |       |     3 ||     3
 Stab: Sleeping          |     2 |     3 ||     5
Armor: Leather armour    |    15 |       ||    15
       Robe              |     3 |    22 ||    25
Dodge: Dodged            |    19 |    35 ||    54
Block: Buckler           |     5 |    16 ||    21

Table legend: (Time is in decaauts)
 A = Elapsed time spent in this place.
 B = Non-inter-level travel time spent in this place.
 C = Inter-level travel time spent in this place.
 D = Time resting spent in this place.
 E = Time spent auto-exploring this place.
 F = Levels seen in this place.
 G = Mean time per level.
                   A        B        C        D        E       F      G
               +--------+--------+--------+--------+--------+-----+--------+
         Total |   2556 |   2458 |     98 |      0 |   2000 |   5 |  511.2 |
       Dungeon |   2556 |   2458 |     98 |      0 |   2000 |   5 |  511.2 |
               +--------+--------+--------+--------+--------+-----+--------+

Top non-repeatable levels by time:
     D:2: 1087 daAuts
     D:1: 880 daAuts
     D:3: 551 daAuts
     D:5: 23 daAuts
     D:4: 12 daAuts
